 Dungeon Crawl Stone Soup version 0.31-a0-700-gf13585253f (webtiles) character file.

Game seed: 12877595064388576743

109 qw the Shooter (level 4, 0/28 HPs)
             Began as a Gargoyle Hunter on Sept 7, 2023.
             Slain by an orc wizard
             ... wielding a +0 dagger
              (1 damage)
             ... on level 3 of the Dungeon.
             The game lasted 00:00:43 (1716 turns).

qw the Shooter (Gargoyle Hunter)                    Turns: 1716, Time: 00:00:44

Health: 0/28       AC: 10    Str: 15    XL:     4   Next: 89%
Magic:  4/4        EV: 12    Int:  9    God:
Gold:   68         SH:  0    Dex: 18    Spells: 3/3 levels left

rFire   . . .        Y - +0 shortbow
rCold   . . .        (shield currently unavailable)
rNeg    + . .        c - +0 leather armour
rPois   inf          k - +0 helmet
rElec   +            (no cloak)
rCorr   .            b - +2 pair of gloves {Dex+3}
SInv    .            (no boots)
Will    .....        (no amulet)
Stlth   ++           (no ring)
HPRegen 0.24/turn    (no ring)
MPRegen 0.09/turn

%: no passive effects
@: no status effects
A: sickness immunity, AC +3, negative energy resistance 1, electricity
resistance, torment resistance 1, petrification resistance
a: no special abilities


You were on level 3 of the Dungeon.
You visited 1 branch of the dungeon, and saw 3 of its levels.

You collected 68 gold pieces.


Innate Abilities, Weirdness & Mutations

You are immune to sickness and miasma.
Your stone body is resilient. (AC +3)
You are immune to poison.
You resist negative energy. (rN+)
You are resistant to electric shocks. (rElec)
You are resistant to unholy torment.
You are immune to petrification.


   Skills:
 - Level 3.0 Fighting
 - Level 5.6 Ranged Weapons
 + Level 0.9 Armour
 - Level 1.5 Dodging
 - Level 1.1 Stealth


You had 3 spell levels left.
You didn't know any spells.
Your spell library was empty.

Inventory:

Hand Weapons
 Y - a +0 shortbow (weapon)
Armour
 b - a +2 pair of gloves of dexterity (worn)
 c - a +0 leather armour (worn)
 k - a +0 helmet (worn)
Scrolls
 l - a scroll of identify
Potions
 a - a potion of heal wounds {unknown}
 d - a potion of cancellation {unknown}
 f - a potion of magic {unknown}
 g - a potion of resistance {unknown}
 h - a potion of attraction {unknown}

Dungeon Overview and Level Annotations

Branches:
Dungeon (3/15)

Altars:


Message History

The bat hits you but does no damage. The bat closely misses you.
The adder misses you.
The orc priest mumbles some strange prayers to Beogh against you.
Something writhes in agony!
Something hits you but does no damage. The orc hits you but does no damage.
The bat closely misses you. The adder bites you but does no damage.
The bat barely misses you. The adder bites you but does no damage.
The orc barely misses you. Something hits you but does no damage.
You feel less confused. The bat closely misses you. The adder bites you.
The orc closely misses you. Something hits you but does no damage.
You shoot an arrow. The arrow closely misses the orc.
The adder bites you but does no damage. The orc priest closely misses you.
Something hits you but does no damage. The orc hits you but does no damage.
You shoot an arrow.
The arrow hits the orc but does no damage.
The orc is heavily wounded.
The adder bites you. The orc priest misses you. The adder barely misses you.
Something hits you but does no damage. The orc hits you but does no damage.
You shoot an arrow. The arrow closely misses the orc.
The adder barely misses you. The orc priest barely misses you.
The orc misses you. Something hits you but does no damage.
You shoot an arrow.
The arrow hits the orc but does no damage.
The orc is heavily wounded.
The adder bites you but does no damage. The orc priest closely misses you.
The orc closely misses you. Something hits you.
The adder bites you but does no damage.
You shoot an arrow. The arrow hits the orc!
You kill the orc!
The bat closely misses you. The adder bites you but does no damage.
The orc priest hits you but does no damage.
You hear some strange, mumbled words.
A magic dart appears from out of thin air!
The magic dart hits you. The adder barely misses you.
You shoot an arrow. The arrow hits the orc priest.
The orc priest is moderately wounded.
The orc priest hits you with a +0 morningstar!
The orc misses you. Something hits you.
You die...

######
.#.....##
..%....S##
......bo@#
.......o{#
.....>.Jo#
..........
.........?.
........%...
............o
...........).!
...##..<......


You could see 2 orc priests, an adder, an orc, an endoplasm and a bat.

Vanquished Creatures
  Robin (D:2)
  3 adders (D:2)
  A dart slug (D:2)
  4 orcs (D:3)
  4 ball pythons
  5 bats
  8 endoplasms
  2 giant cockroaches
  9 goblins
  4 hobgoblins
  2 jackals (D:2)
  5 kobolds
  4 quokkas
  2 frilled lizards (D:1)
  6 rats
60 creatures vanquished.

Notes
Turn   | Place    | Note
-------+----------+-------------------------------------------
     0 | D:1      | qw the Gargoyle Hunter began the quest for the Orb.
     0 | D:1      | Reached XP level 1. HP: 12/12 MP: 1/1
     0 | D:1      | 0 ||| qw: Version: 0.3-a-76-g4403597
     0 | D:1      | 0 ||| qw: Game counter: 457
     0 | D:1      | 0 ||| qw: Melee chars always use a shield: true
     0 | D:1      | 0 ||| qw: God list: Okawaru
     0 | D:1      | 0 ||| qw: Allow faded altars: false
     0 | D:1      | 0 ||| qw: Do Orc after clearing Dungeon:15 true
     0 | D:1      | 0 ||| qw: Do second Lair branch before Depths: true
     0 | D:1      | 0 ||| qw: Lair rune preference: random
     0 | D:1      | 0 ||| qw: Goals: Normal
     0 | D:1      | 0 ||| PLANNING D:1-11
   130 | D:1      | Reached XP level 2. HP: 17/17 MP: 2/2
   338 | D:1      | Reached XP level 3. HP: 21/21 MP: 3/3
   373 | D:1      | Reached skill level 5 in Ranged Weapons
   582 | D:1      | 582 ||| READING scroll labelled DOOLAR MOCS.
   583 | D:1      | 583 ||| READING scroll labelled NAUSOI XOEHA.
   584 | D:1      | 584 ||| DRINKING 2 metallic orange potions.
   585 | D:1      | 585 ||| DROPPING scroll of butterflies.
   586 | D:1      | 586 ||| DROPPING potion of invisibility.
   890 | D:2      | Reached skill level 3 in Fighting
   909 | D:2      | Reached XP level 4. HP: 28/28 MP: 4/4
  1160 | D:2      | Noticed Robin
  1177 | D:2      | Killed Robin
  1610 | D:2      | 1610 ||| UPGRADING to +0 helmet.
  1615 | D:2      | 1615 ||| READING scroll labelled YKHEME TOESSI.
  1615 | D:2      | Identified a scroll of acquirement
  1615 | D:2      | 1615 ||| ACQUIRING +2 pair of gloves of dexterity
  1615 | D:2      | Acquired a +2 pair of gloves of dexterity
  1617 | D:2      | 1617 ||| UPGRADING to +2 pair of gloves of dexterity.
  1622 | D:2      | 1622 ||| READING scroll labelled BAMEDD JESU.
  1623 | D:2      | 1623 ||| READING scroll labelled CUL WE LUOPSE.
  1624 | D:2      | 1624 ||| DRINKING 2 smoky emerald potions.
  1625 | D:2      | 1625 ||| DROPPING potion of brilliance.
  1679 | D:3      | 1679 ||| Stepping ~*~*~tactically~*~*~ (outnumbered).
  1683 | D:3      | 1683 ||| Stepping ~*~*~tactically~*~*~ (outnumbered).
  1695 | D:3      | 1695 ||| Stepping ~*~*~tactically~*~*~ (retreating).
  1716 | D:3      | HP: 1/28 [orc priest/+0 morningstar (10)]
  1716 | D:3      | Slain by an orc wizard

Levels and vault maps discovered:
D:1:      heliophobic_arrival_enchanted_forest, layout_basic,
          minmay_tromino_v4_b
D:2:      layout_loops_ring, serial_forest, infiniplex_forest_end_2,
          infiniplex_forest_clump_curved, infiniplex_forest_lined_2,
          infiniplex_forest_corner_1, infiniplex_forest_lined_2,
          infiniplex_forest_lined_4_way, infiniplex_forest_end_1,
          infiniplex_forest_lined_1, infiniplex_forest_end_2,
          infiniplex_forest_clump_double, uniq_robin
D:3:      layout_rooms, uniq_terence, uniq_grinder

Skill      XL: |  1  2  3 |
---------------+----------+-----
Ranged Weapons | 5 |  5.6
Fighting       | 3 |  3.0
Armour         | |  0.9
Dodging        | |  1.5
Stealth        | |  1.1

Action                     |  1- 3 |  4- 6 || total
---------------------------+-------+-------++-------
   Fire: Shortbow          |    87 |    81 ||   168
    Use: Scroll            |     2 |     3 ||     5
         Potion            |     1 |     1 ||     2
 Armour: Leather armour    |    13 |    89 ||   102
  Dodge: Dodged            |    13 |    73 ||    86

Table legend:
 A = Non-vault XP
 B = Vault XP
 C = Vault XP percentage of total XP
 D = Non-vault monster count
 E = Vault monster count
 F = Vault count percentage of total count
                 A         B        C        D         E       F
            +---------+---------+-------+---------+---------+-------
      Total |     125 |      31 |  19.9 |      50 |      10 |  16.7
            +---------+---------+-------+---------+---------+-------
        D:1 |      45 |       6 |  11.8 |      26 |       3 |  10.3
        D:2 |      64 |      25 |  28.1 |      17 |       7 |  29.2
        D:3 |      16 |       0 |   0.0 |       7 |       0 |   0.0
            +---------+---------+-------+---------+---------+-------
